Map: Bel'Shir Vestige LE (Void)

Players

PtitDrogo - Winner!

  • Race: Protoss Protoss
  • Spawn Location: 5:00

Creature

  • Race: Protoss Protoss
  • Spawn Location: 11:00

Event: WCS Austin 2017

VOD

Have the link to the VOD?

Description

Time

  • Played on: April 28, 2017, 2:01 p.m.
  • Length: 4:59

All games in this series

Show
View Real Time Build Order
Export as new Build Order

PtitDrogo Protoss - Winner!

Build Orders:  

Get SALT Encoding   

  12  0:01  Probe (Chrono Boost)  
  13  0:11  Probe (Chrono Boost)  
  14  0:18  Pylon  
  14  0:22  Probe (Chrono Boost)  
  15  0:36  Probe (Chrono Boost)  
  15  0:37  Gateway  
  16  0:42  Assimilator  
  16  0:47  Probe (Chrono Boost)  
  17  0:57  Probe (Chrono Boost)  
  17  0:59  Assimilator  
  18  1:07  Gateway  
  18  1:08  Probe (Chrono Boost)  
  19  1:19  Probe (Chrono Boost)  
  19  1:25  Cybernetics Core  
  20  1:29  Probe (Chrono Boost)  
  21  1:33  Pylon  
  22  1:40  Probe (Chrono Boost)  
  22  1:47  Warp Gate  
  22  1:50  Probe (Chrono Boost)  
  23  2:01  Stalker x2  
  29  2:11  Mothership Core (Chrono Boost)  
  29  2:15  Pylon  
  30  2:31  Probe (Chrono Boost)  
  30  2:32  Stalker  
  30  2:33  Stalker  
  34  2:57  Nexus  
  34  3:02  Probe (Chrono Boost)  
  35  3:10  Sentry  
  37  3:15  Probe (Chrono Boost)  
  38  3:20  Robotics Facility  
  38  3:30  Pylon  
  38  3:33  Probe (Chrono Boost)  
  39  3:52  Sentry x2  
  42  3:58  Probe (Chrono Boost)  
  42  4:02  Immortal  
  49  4:10  Probe (Chrono Boost), Pylon  
  49  4:11  Probe (Chrono Boost)  
  49  4:18  Pylon  
  49  4:22  Stalker  
  51  4:26  Stalker  
Show
View Real Time Build Order
Export as new Build Order

Creature Protoss 

Build Orders:  

Get SALT Encoding   

  12  0:01  Probe (Chrono Boost)  
  13  0:11  Probe (Chrono Boost)  
  14  0:18  Pylon  
  14  0:22  Probe (Chrono Boost)  
  15  0:36  Probe (Chrono Boost), Gateway  
  16  0:47  Probe (Chrono Boost)  
  16  0:48  Assimilator  
  17  0:52  Assimilator  
  17  0:57  Probe (Chrono Boost)  
  18  1:08  Probe (Chrono Boost), Gateway  
  20  1:18  Probe (Chrono Boost)  
  20  1:23  Cybernetics Core  
  20  1:29  Probe (Chrono Boost)  
  20  1:31  Pylon  
  21  1:39  Probe (Chrono Boost)  
  22  1:49  Warp Gate  
  22  1:50  Probe (Chrono Boost)  
  18  2:01  Stalker  
  25  2:03  Mothership Core (Chrono Boost)  
  27  2:08  Stalker  
  27  2:12  Pylon  
  29  2:27  Robotics Facility  
  29  2:36  Stalker  
  31  2:47  Stalker  
  33  2:52  Gateway  
  33  3:08  Stalker  
  33  3:10  Pylon  
  35  3:15  Warp Prism  
  35  3:19  Stalker  
  39  3:57  Probe (Chrono Boost)  
  39  4:02  Stalker x3  
  46  4:06  Pylon  
  46  4:30  Stalker x3  
Tags
 
Add a new tag
Caveats
  • Supply blocks, unpowered buildings, or Contaminate may cause inaccurate times.
  • Supply counts are checked every 10 seconds.